Map: Lost and Found LE

Players

Ghostoni - Winner!

  • Race: Terran Terran
  • Spawn Location: 7:00

Praetor

  • Race: Protoss Protoss
  • League: Silver
  • Spawn Location: 1:00

VOD

Have the link to the VOD?

Description

Time

  • Played on: July 24, 2018, 4:22 p.m.
  • Length: 5:30
Show
View Real Time Build Order
Export as new Build Order

Ghostoni Terran - Winner!

Build Orders:  

Get SALT Encoding   

  12  0:01  SCV  
  13  0:13  SCV  
  14  0:25  Supply Depot  
  14  0:27  SCV  
  15  0:46  SCV  
  15  0:49  Barracks  
  16  0:52  Refinery  
  16  1:05  SCV  
  17  1:17  SCV  
  18  1:21  Barracks  
  18  1:24  Barracks  
  18  1:35  Orbital Command  
  18  1:42  Supply Depot  
  18  1:48  Marine  
  19  2:02  SCV  
  20  2:08  Barracks Tech Lab  
  20  2:09  Engineering Bay  
  20  2:12  Marine  
  20  2:15  Marine  
  21  2:19  SCV  
  23  2:30  Marine  
  23  2:31  Stimpack  
  23  2:33  Marine, SCV  
  26  2:43  Terran Infantry Weapons Level 1  
  26  2:45  SCV  
  27  2:57  SCV  
  28  2:59  Marine, Marauder  
  28  3:04  Supply Depot  
  31  3:08  Marine  
  31  3:09  SCV  
  33  3:16  Marine  
  34  3:20  Marauder  
  34  3:21  SCV  
  34  3:26  Marine  
  38  3:33  SCV  
  39  3:34  Marine  
  39  3:35  Supply Depot  
  40  3:42  Marauder  
  40  3:44  Marine  
  43  3:52  Marine  
  44  4:01  Marine  
  45  4:03  Marauder  
  47  4:10  Marine, Supply Depot  
  48  4:19  Marine  
  49  4:25  Marauder  
  49  4:28  Marine  
  52  4:36  Supply Depot  
  52  4:37  Marine  
  53  4:46  Marine, Marauder  
  52  4:55  Marine  
  50  5:03  Marine  
  51  5:07  Marauder  
  51  5:10  SCV  
Show
View Real Time Build Order
Export as new Build Order

Praetor Protoss 

Build Orders:  

Get SALT Encoding   

  12  0:01  Probe  
  13  0:13  Probe  
  14  0:18  Pylon  
  14  0:25  Probe  
  15  0:37  Probe  
  15  0:39  Gateway  
  16  0:48  Assimilator  
  16  0:49  Probe  
  17  1:01  Probe  
  18  1:14  Probe  
  19  1:26  Probe  
  19  1:28  Cybernetics Core  
  20  1:38  Probe  
  21  1:44  Assimilator  
  21  1:47  Nexus  
  21  1:51  Probe  
  22  2:12  Pylon  
  22  2:19  Probe  
  22  2:22  Adept  
  23  2:23  Warp Gate  
  25  2:47  Stalker  
  27  2:55  Robotics Facility  
  27  3:01  Gateway  
  27  3:05  Pylon  
  27  3:08  Stalker  
  27  3:10  Probe  
  27  3:13  Gateway  
  27  3:18  Probe  
  31  3:28  Probe  
  31  3:29  Stalker  
  34  3:46  Probe  
  35  3:51  Observer  
  36  3:58  Probe  
  39  4:10  Probe  
  38  4:19  Probe  
  39  4:27  Probe, Stalker x3  
  46  4:36  Probe  
  46  4:37  Observer  
  47  4:49  Probe  
  47  4:51  Stalker  
  47  4:52  Stalker x2  
  31  5:15  Twilight Council  
  31  5:16  Stalker x3  
Tags
 
Add a new tag
Caveats
  • Supply blocks, unpowered buildings, or Contaminate may cause inaccurate times.
  • Supply counts are checked every 10 seconds.